 Dungeon Crawl Stone Soup version 0.32-a0-391-gce5c0aab1b (webtiles) character file.

Game seed: 13791543030616885354

192 Strat the Charlatan (level 5, -1/69 HPs)
             Began as a Draconian Artificer on Feb 19, 2024.
             Incinerated by a bombardier beetle (3 damage)
             ... with a burning spray
             ... on level 3 of the Dungeon.
             The game lasted 00:04:54 (2821 turns).

Strat the Charlatan (Draconian Artificer)           Turns: 2821, Time: 00:04:55

Health: -1/69      AC: 22    Str: 15    XL:     5   Next: 42%
Magic:  5/5        EV:  2    Int: 11    God:
Gold:   101        SH:  0    Dex: 13    Spells: 4/4 levels left

rFire   + . .        b - +0 dagger
rCold   + . .        (no shield)
rNeg    . . .        (body armour unavailable)
rPois   +            (helmet currently unavailable)
rElec   +            (cloak currently unavailable)
rCorr   +            (gloves currently unavailable)
SInv    .            (boots currently unavailable)
Will    .....        (no amulet)
Stlth   +            (no ring)
HPRegen 0.31/turn    (no ring)
MPRegen 0.09/turn

%: no passive effects
@: on fire, tree-form, resistant, hasted, glowing, very quick
A: stationary, stasis, torment immunity, boosted hp, AC +5, unfitting armour,
(cold-blooded)
a: no special abilities


You were on level 3 of the Dungeon.
You were a tree.
You visited 1 branch of the dungeon, and saw 3 of its levels.

You collected 101 gold pieces.

Inventory:

Hand Weapons
 a - a +0 club
 b - a +0 dagger (weapon)
Missiles
 k - 5 poisoned darts
Talismans
 q - a beast talisman
Wands
 c - a wand of charming (13)
 d - a wand of iceblast (3)
 f - a wand of flame (11) (quivered)
Scrolls
 e - 2 scrolls of noise {unknown}
 g - 2 scrolls of teleportation {unknown}
 h - 2 scrolls of vulnerability {unknown}
 i - 2 scrolls of fear {unknown}
 l - a scroll of enchant armour {unknown}
 n - 2 scrolls of amnesia {unknown}
 o - a scroll of enchant weapon {unknown}
 r - a scroll of identify {unknown}
Potions
 m - a potion of resistance


   Skills:
 + Level 4.2 Fighting
 - Level 2.1 Dodging
 - Level 0.8 Stealth
 + Level 4.8 Evocations


You had 4 spell levels left.
You didn't know any spells.
Your spell library was empty.

Dungeon Overview and Level Annotations

Branches:
Dungeon (3/15)

Altars:


Innate Abilities, Weirdness & Mutations

You are a tree.
Your roots penetrate the ground, keeping you stationary.
You cannot be teleported.
You are immune to unholy pain and torment.
Your maximum health is greatly increased.
Your equipment is partially melded.
((Your plain brown scales are hard. (AC +5)))
You cannot fit into any form of body armour.
((You are cold-blooded and may be slowed by cold attacks.))


Message History

You hit the bombardier beetle but do no damage.
The bombardier beetle is severely wounded.
The liquid fire burns you!
* * * LOW HITPOINT WARNING * * *
The bombardier beetle bites you but does no damage.
You barely miss the bombardier beetle.
The bombardier beetle is severely wounded.
The liquid fire burns you!
* * * LOW HITPOINT WARNING * * *
You hit the bombardier beetle.
The bombardier beetle is almost dead.
The liquid fire burns you!
* * * LOW HITPOINT WARNING * * *
The bombardier beetle bites you but does no damage.
You hit the bombardier beetle.
The bombardier beetle is almost dead.
The liquid fire burns you!
* * * LOW HITPOINT WARNING * * *
You completely miss the bombardier beetle.
The bombardier beetle is almost dead.
The liquid fire burns you!
* * * LOW HITPOINT WARNING * * *
The bombardier beetle bites you but does no damage.
Aiming: Throw Flame
Press: ? - help, Shift-Dir - straight line, f - bombardier beetle
Aim: a bombardier beetle (almost dead, 84% to hit)
The puff of flame hits the bombardier beetle!
You kill the bombardier beetle!
The liquid fire burns you!
* * * LOW HITPOINT WARNING * * *
You are on fire!
The liquid fire burns you!
* * * LOW HITPOINT WARNING * * *
The liquid fire burns you!
* * * LOW HITPOINT WARNING * * *
The liquid fire burns you!
* * * LOW HITPOINT WARNING * * *
It was a potion of haste.
You feel yourself speed up. The liquid fire burns you!
You die...

#.......##..# #.# ##...##
#.......##..# #.# ###.....#
#............ .............
#.......##.####.#####.....#
#.......##.# #.# #....##
#.......##.# # #.####
#.##.#####.####.# #.
#.##......†.....# #.
#.########♣######## #.#
#.........# #.# ##.######.#
#.# ### #.# #.#


There were no monsters in sight!

Vanquished Creatures
  A bombardier beetle (D:3)
  Terence (D:2)
  4 adders
  A dart slug (D:1)
  6 ball pythons
  5 bats
  6 endoplasms
  2 giant cockroaches (D:1)
  5 goblins
  5 hobgoblins
  6 jackals (D:3)
  2 quokkas (D:1)
  2 frilled lizards
  5 kobolds
  5 rats
56 creatures vanquished.

Vanquished Creatures (collateral kills)
  A giant cockroach (D:2)
1 creature vanquished.

Grand Total: 57 creatures vanquished

Notes
Turn   | Place    | Note
-------+----------+-------------------------------------------
     0 | D:1      | Strat the Draconian Artificer began the quest for the Orb.
     0 | D:1      | Reached XP level 1. HP: 16/16 MP: 1/1
   174 | D:1      | Reached XP level 2. HP: 14/24 MP: 2/2
   460 | D:1      | Reached XP level 3. HP: 30/30 MP: 3/3
  1050 | D:1      | Found a faded altar of an unknown god.
  1305 | D:2      | Noticed Terence
  1325 | D:2      | Killed Terence
  1326 | D:2      | Reached XP level 4. HP: 38/38 MP: 4/4
  2440 | D:3      | Reached XP level 5. HP: 46/46 MP: 5/5
  2819 | D:3      | HP: 3/69 [burnt (2)]
  2820 | D:3      | HP: 1/69 [burnt (2)]
  2821 | D:3      | Incinerated by a bombardier beetle

Illustrated notes

Levels and vault maps discovered:
D:1:      dpeg_arrival_water_fire, layout_basic,
          shapermc_ecumenical_altar_mp_ritualfount
D:2:      layout_loops_corners, chequers_serial_rivers_room_b,
          serial_park_tiny_pond, uniq_terence
D:3:      layout_loops_ring

Skill      XL: |  1  2  3  4  5 |
---------------+----------------+-----
Fighting       | 2 3 4 |  4.2
Evocations     | 4 |  4.8
Dodging        | |  2.1
Stealth        | |  0.8

Action                     |  1- 3 |  4- 6 || total
---------------------------+-------+-------++-------
  Melee: Club              |    49 |       ||    49
         Tailslap          |    15 |    17 ||    32
         Dagger            |    77 |   143 ||   220
  Evoke: Wand              |     4 |     4 ||     8
    Use: Potion            |       |     3 ||     3
   Stab: Sleeping          |     1 |     6 ||     7
 Armour: Skin              |    65 |    64 ||   129
  Dodge: Dodged            |   100 |    76 ||   176

Table legend: (Time is in decaauts)
 A = Elapsed time spent in this place.
 B = Non-inter-level travel time spent in this place.
 C = Inter-level travel time spent in this place.
 D = Time resting spent in this place.
 E = Time spent auto-exploring this place.
 F = Levels seen in this place.
 G = Mean time per level.
                   A        B        C        D        E       F      G
               +--------+--------+--------+--------+--------+-----+--------+
         Total |   2837 |   2727 |    110 |    178 |   1853 |   3 |  945.7 |
       Dungeon |   2837 |   2727 |    110 |    178 |   1853 |   3 |  945.7 |
               +--------+--------+--------+--------+--------+-----+--------+

Top non-repeatable levels by time:
     D:1: 1274 daAuts
     D:2: 1039 daAuts
     D:3: 523 daAuts
